BR (22 & UNDER)
GILBERT FIRE FIGHTERS @ RANCHO CUCAMONGA SICK MONKEYS
08/16/2029
 
TOP OF THE 1ST
Gilbert Fire Fighters batting - Pitching for Rancho Cucamonga Sick Monkeys : LHP Keith O'Higgins
Pitching: LHP Keith O'Higgins
Batting: RHB Raúl Ottoboni 0-0: Called Strike
0-1: Fly out, F3 (Line Drive, 34)
Batting: RHB Juan González 0-0: Foul Ball, location: 2F
0-1: Ball
1-1: Ground out 5-3 (Groundball, 5)
Batting: RHB Zachary Gadsden 0-0: Called Strike
0-1: Ball
1-1: Foul Ball, location: 2F
1-2: Ground out 6-3 (Groundball, 6)
Top of the 1st over - 0 runs, 0 hits, 0 errors, 0 left on base; Gilbert 0 - Rancho Cucamonga 0
BOTTOM OF THE 1ST
Rancho Cucamonga Sick Monkeys batting - Pitching for Gilbert Fire Fighters : LHP Eduardo López
Pitching: LHP Eduardo López
Batting: SHB Jimmy Mayer 0-0: Ground out 5-3 (Groundball, 5S)
Batting: SHB Paco Estrada 0-0: Ball
1-0: Called Strike
1-1: Foul Ball, location: 2F
1-2: Ball
2-2: Ground out 5-3 (Groundball, 56)
Batting: LHB Ed Ballard 0-0: Ball
1-0: Ball
2-0: Foul Ball, location: 2F
2-1: Ground out 4-3 (Groundball, 4)
Bottom of the 1st over - 0 runs, 0 hits, 0 errors, 0 left on base; Gilbert 0 - Rancho Cucamonga 0
TOP OF THE 2ND
Gilbert Fire Fighters batting - Pitching for Rancho Cucamonga Sick Monkeys : LHP Keith O'Higgins
Batting: RHB Travis Mchugh 0-0: Ball
1-0: Foul Ball, location: 2F
1-1: Ball
2-1: Foul Ball, location: 2F
2-2: Foul Ball, location: 2F
2-2: Ball
3-2: Reached on error, E5 (Groundball, 56S)
Batting: RHB Carlos Canales 0-0: Ball
1-0: Swinging Strike
1-1: Ball
2-1: Ball
3-1: Foul Ball, location: 2F
3-2: Strikes out swinging
Batting: LHB Joe Kent 0-0: DOUBLE (Flyball, 78D)
Travis Mchugh to third
Batting: SHB Germán Roseima 0-0: Swinging Strike
0-1: Ball
1-1: Ball
2-1: Called Strike
2-2: Ball
3-2: Base on Balls
Batting: LHB Bill Handy 0-0: Called Strike
0-1: Called Strike
0-2: Strikes out looking
Batting: LHB Matt Moore 0-0: SINGLE (Groundball, 6MD)
Travis Mchugh scores
Joe Kent to third
Germán Roseima to second
Runner from 3rd tries for Home, SAFE, no throw
Batting: RHB Raúl Ottoboni 0-0: Ball
1-0: Called Strike
1-1: Called Strike
Germán Roseima steals 3rd base
Matt Moore to second
1-2: Strikes out swinging
Top of the 2nd over - 2 runs, 2 hits, 1 error, 2 left on base; Gilbert 2 - Rancho Cucamonga 0
BOTTOM OF THE 2ND
Rancho Cucamonga Sick Monkeys batting - Pitching for Gilbert Fire Fighters : LHP Eduardo López
Batting: LHB Terry Barton 0-0: Called Strike
0-1: Ball
1-1: Called Strike
1-2: Foul Ball, location: 2F
1-2: Strikes out swinging
Batting: RHB Hank Brown 0-0: Ball
1-0: Ball
2-0: Ball
3-0: Called Strike
3-1: Foul Ball, location: 2F
3-2: Strikes out swinging
Batting: LHB Kevin Hatcher 0-0: Ball
1-0: Ball
2-0: Called Strike
2-1: Called Strike
2-2: Ball
3-2: Foul Ball, location: 2F
3-2: Fly out, F9 (Flyball, 9LS)
Bottom of the 2nd over - 0 runs, 0 hits, 0 errors, 0 left on base; Gilbert 2 - Rancho Cucamonga 0
TOP OF THE 3RD
Gilbert Fire Fighters batting - Pitching for Rancho Cucamonga Sick Monkeys : LHP Keith O'Higgins
Batting: RHB Juan González 0-0: Foul Ball, location: 2F
0-1: Ball
1-1: Called Strike
1-2: Ground out 5-3 (Groundball, 56)
Batting: RHB Zachary Gadsden 0-0: Swinging Strike
0-1: Called Strike
0-2: Ball
1-2: Ground out 6-3 (Groundball, 6S)
Batting: RHB Travis Mchugh 0-0: Ball
1-0: Foul Ball, location: 2F
1-1: Called Strike
1-2: Foul Ball, location: 2F
1-2: Ball
2-2: Strikes out swinging
Top of the 3rd over - 0 runs, 0 hits, 0 errors, 0 left on base; Gilbert 2 - Rancho Cucamonga 0
BOTTOM OF THE 3RD
Rancho Cucamonga Sick Monkeys batting - Pitching for Gilbert Fire Fighters : LHP Eduardo López
Batting: RHB Aaron Adams 0-0: Swinging Strike
0-1: Foul Ball, location: 2F
0-2: Ground out 6-3 (Groundball, 6M)
Batting: RHB Rod Zamora 0-0: Ball
1-0: Called Strike
1-1: Called Strike
1-2: Ball
2-2: Foul Ball, location: 2F
2-2: Ball
3-2: Base on Balls
Batting: RHB Mike Cooley 0-0: Ball
1-0: SINGLE (Line Drive, 6MD)
Rod Zamora to second
Batting: SHB Jimmy Mayer 0-0: Fly out, F3 (Line Drive, 3)
Batting: SHB Paco Estrada 0-0: Reached on error, E6 (Groundball, 6)
Rod Zamora to third
Mike Cooley to second
Batting: LHB Ed Ballard 0-0: Ball
1-0: Ball
2-0: Foul Ball, location: 2F
2-1: Fly out, F8 (Flyball, 89D)
Bottom of the 3rd over - 0 runs, 1 hit, 1 error, 3 left on base; Gilbert 2 - Rancho Cucamonga 0
TOP OF THE 4TH
Gilbert Fire Fighters batting - Pitching for Rancho Cucamonga Sick Monkeys : LHP Keith O'Higgins
Batting: RHB Carlos Canales 0-0: Foul Ball, location: 2F
0-1: Ball
1-1: Called Strike
1-2: Ground out 6-3 (Groundball, 6)
Batting: LHB Joe Kent 0-0: Called Strike
0-1: Foul Ball, location: 2F
0-2: Strikes out swinging
Batting: SHB Germán Roseima 0-0: Ball
1-0: Ball
2-0: Ground out 5-3 (Groundball, 56S)
Top of the 4th over - 0 runs, 0 hits, 0 errors, 0 left on base; Gilbert 2 - Rancho Cucamonga 0
BOTTOM OF THE 4TH
Rancho Cucamonga Sick Monkeys batting - Pitching for Gilbert Fire Fighters : LHP Eduardo López
Batting: LHB Terry Barton 0-0: Foul Ball, location: 2F
0-1: Ground out U3 (Groundball, 34)
Batting: RHB Hank Brown 0-0: Ball
1-0: Swinging Strike
1-1: Foul Ball, location: 2F
1-2: SOLO HOME RUN (Flyball, 8LXD), Distance : 441 ft
Batting: LHB Kevin Hatcher 0-0: Foul Ball, location: 2F
0-1: SINGLE (Groundball, 56D)
Batting: RHB Aaron Adams 0-0: Ball
1-0: Grounds into double play, 6-4-3 (Groundball, 6)
Bottom of the 4th over - 1 run, 2 hits, 0 errors, 0 left on base; Gilbert 2 - Rancho Cucamonga 1
TOP OF THE 5TH
Gilbert Fire Fighters batting - Pitching for Rancho Cucamonga Sick Monkeys : LHP Keith O'Higgins
Batting: LHB Bill Handy 0-0: Ball
1-0: SINGLE (Line Drive, 56D)
Pitching: RHP Kenbede Gatete
Batting: LHB Matt Moore Pickoff Throw to First - Out!
0-0: Ground out 6-3 (Groundball, 6M)
Batting: RHB Raúl Ottoboni 0-0: Ground out 6-3 (Groundball, 6)
Top of the 5th over - 0 runs, 1 hit, 0 errors, 0 left on base; Gilbert 2 - Rancho Cucamonga 1
BOTTOM OF THE 5TH
Rancho Cucamonga Sick Monkeys batting - Pitching for Gilbert Fire Fighters : LHP Eduardo López
Batting: RHB Rod Zamora 0-0: Ball
1-0: Ball
2-0: Called Strike
2-1: Ball
3-1: Called Strike
3-2: DOUBLE (Groundball, 5L)
Batting: RHB Mike Cooley 0-0: Swinging Strike
0-1: Ground out 4-3 (Groundball, 4M)
Rod Zamora to third
Batting: SHB Jimmy Mayer 0-0: Ball
1-0: Ground out U3 (Groundball, 3S)
Batting: SHB Paco Estrada 0-0: Ball
1-0: Called Strike
1-1: Foul Ball, location: 2F
1-2: Ball
2-2: Ball
3-2: Foul Ball, location: 2F
3-2: Fly out, F9 (Flyball, 89M)
Bottom of the 5th over - 0 runs, 1 hit, 0 errors, 1 left on base; Gilbert 2 - Rancho Cucamonga 1
TOP OF THE 6TH
Gilbert Fire Fighters batting - Pitching for Rancho Cucamonga Sick Monkeys : RHP Kenbede Gatete
Batting: RHB Juan González 0-0: Ball
1-0: Called Strike
1-1: Foul Ball, location: 2F
1-2: Ground out U3 (Groundball, 34)
Batting: RHB Zachary Gadsden 0-0: Ball
1-0: Called Strike
1-1: Foul Ball, location: 2F
1-2: Strikes out swinging
Batting: RHB Travis Mchugh 0-0: Ball
1-0: Ball
2-0: Ball
3-0: Called Strike
3-1: Fly out, F5 (Line Drive, 5)
Top of the 6th over - 0 runs, 0 hits, 0 errors, 0 left on base; Gilbert 2 - Rancho Cucamonga 1
BOTTOM OF THE 6TH
Rancho Cucamonga Sick Monkeys batting - Pitching for Gilbert Fire Fighters : LHP Eduardo López
Batting: LHB Ed Ballard 0-0: Swinging Strike
0-1: SOLO HOME RUN (Flyball, 9D), Distance : 387 ft
Batting: LHB Terry Barton 0-0: Fly out, F8 (Flyball, 8LS)
Batting: RHB Hank Brown 0-0: Ball
1-0: Ball
2-0: Called Strike
2-1: Foul Ball, location: 2F
2-2: Ball
3-2: Strikes out looking
Batting: LHB Kevin Hatcher 0-0: Ball
1-0: Called Strike
1-1: Ball
2-1: Ball
3-1: Swinging Strike
3-2: Foul Ball, location: 2F
3-2: Strikes out swinging passed ball, reaches first!
Batting: RHB Aaron Adams 0-0: Ball
Kevin Hatcher is caught stealing 2nd base
Bottom of the 6th over - 1 run, 1 hit, 0 errors, 0 left on base; Gilbert 2 - Rancho Cucamonga 2
TOP OF THE 7TH
Gilbert Fire Fighters batting - Pitching for Rancho Cucamonga Sick Monkeys : RHP Kenbede Gatete
Pinch Hitting: LHB Mark Sanders 0-0: SINGLE (Line Drive, 56D)
Pitching: LHP Juan Valentín
Batting: LHB Joe Kent 0-0: Sac Bunt - play at first, batter OUT! 1-4
Mark Sanders to second
Pinch Hitting: LHB Kyle Robbins 0-0: Ball
1-0: Ball
2-0: Called Strike
2-1: Foul Ball, location: 2F
2-2: Ball
3-2: Base on Balls
Batting: LHB Bill Handy 0-0: Foul Ball, location: 2F
0-1: Ball
1-1: Foul Ball, location: 2F
1-2: Ball
2-2: Ball
3-2: 3-RUN HOME RUN (Flyball, 9LD), Distance : 346 ft
Pitching: RHP Juan Rosário
Batting: LHB Matt Moore 0-0: Called Strike
0-1: Ground out 4-3 (Groundball, 34)
Batting: RHB Raúl Ottoboni 0-0: Called Strike
0-1: Foul Ball, location: 2F
0-2: Ball
1-2: Strikes out swinging
Top of the 7th over - 3 runs, 2 hits, 0 errors, 0 left on base; Gilbert 5 - Rancho Cucamonga 2
BOTTOM OF THE 7TH
Rancho Cucamonga Sick Monkeys batting - Pitching for Gilbert Fire Fighters : LHP Eduardo López
Now at 2B: Mark Sanders
Now in CF: Kyle Robbins
Batting: RHB Aaron Adams 0-0: Ground out 5-3 (Groundball, 56S)
Batting: RHB Rod Zamora 0-0: Foul Ball, location: 2F
0-1: Fly out, F9 (Flyball, 9D)
Batting: RHB Mike Cooley 0-0: Called Strike
0-1: Ball
1-1: Ball
2-1: Foul Ball, location: 2F
2-2: Ball
3-2: Foul Ball, location: 2F
3-2: Strikes out swinging
Bottom of the 7th over - 0 runs, 0 hits, 0 errors, 0 left on base; Gilbert 5 - Rancho Cucamonga 2
TOP OF THE 8TH
Gilbert Fire Fighters batting - Pitching for Rancho Cucamonga Sick Monkeys : RHP Juan Rosário
Batting: RHB Juan González 0-0: Ground out 6-3 (Groundball, 6)
Batting: RHB Zachary Gadsden 0-0: Ball
1-0: Fly out, F2 (Popup, 23F)
Batting: RHB Travis Mchugh 0-0: Swinging Strike
0-1: Foul Ball, location: 2F
0-2: Ball
1-2: Foul Ball, location: 2F
1-2: Strikes out looking
Top of the 8th over - 0 runs, 0 hits, 0 errors, 0 left on base; Gilbert 5 - Rancho Cucamonga 2
BOTTOM OF THE 8TH
Rancho Cucamonga Sick Monkeys batting - Pitching for Gilbert Fire Fighters : LHP Eduardo López
Batting: SHB Jimmy Mayer 0-0: Swinging Strike
0-1: Ball
1-1: Foul Ball, location: 2F
1-2: Ball
2-2: SINGLE (Groundball, 56D)
Pitching: RHP Jorge Álvarez
Batting: SHB Paco Estrada 0-0: Swinging Strike
0-1: SINGLE (Groundball, 34S) (infield hit)
Jimmy Mayer to second
Batting: LHB Ed Ballard 0-0: Ball
1-0: Foul Ball, location: 2F
1-1: Grounds into double play, 6-4-3 (Groundball, 6)
Jimmy Mayer to third
Batting: LHB Terry Barton 0-0: Ball
1-0: Ground out 6-3 (Groundball, 6)
Bottom of the 8th over - 0 runs, 2 hits, 0 errors, 1 left on base; Gilbert 5 - Rancho Cucamonga 2
TOP OF THE 9TH
Gilbert Fire Fighters batting - Pitching for Rancho Cucamonga Sick Monkeys : RHP Juan Rosário
Pitching: RHP Juan Muñóz
Batting: LHB Mark Sanders 0-0: Foul Ball, location: 2F
0-1: Ball
1-1: Ball
2-1: Called Strike
2-2: Foul Ball, location: 2F
2-2: Ball
3-2: Foul Ball, location: 2F
3-2: Strikes out looking
Batting: LHB Joe Kent 0-0: Ball
1-0: Ball
2-0: Ball
3-0: Called Strike
3-1: Foul Ball, location: 2F
3-2: Strikes out swinging
Batting: LHB Kyle Robbins 0-0: Ball
1-0: Swinging Strike
1-1: Ball
2-1: Foul Ball, location: 2F
2-2: Strikes out looking
Top of the 9th over - 0 runs, 0 hits, 0 errors, 0 left on base; Gilbert 5 - Rancho Cucamonga 2
BOTTOM OF THE 9TH
Rancho Cucamonga Sick Monkeys batting - Pitching for Gilbert Fire Fighters : RHP Jorge Álvarez
Batting: RHB Hank Brown 0-0: Foul Ball, location: 2F
0-1: Fly out, F9 (Flyball, 9S)
Batting: LHB Kevin Hatcher 0-0: SINGLE (Line Drive, 8LS)
Batting: RHB Aaron Adams 0-0: Ball
1-0: Foul Ball, location: 2F
1-1: Called Strike
1-2: Strikes out swinging
Batting: RHB Rod Zamora 0-0: Foul Ball, location: 2F
0-1: Ball
1-1: DOUBLE (Flyball, 8LXD)
Kevin Hatcher to third
Pinch Hitting: LHB Clarence Bowen 0-0: Called Strike
0-1: Called Strike
0-2: Foul Ball, location: 2F
0-2: Ball
1-2: Ball
2-2: Strikes out looking
Bottom of the 9th over - 0 runs, 2 hits, 0 errors, 2 left on base; Gilbert 5 - Rancho Cucamonga 2
Saturday, December 16th, 2017 - OOTP Baseball 18.8 Build 76